 Dungeon Crawl Stone Soup version 0.18.1-50-g88ac8fd (webtiles) character file.

753 Monkfish the Covert (level 8, -14/46 HPs)
             Began as a Kobold Assassin on Oct 22, 2016.
             Was an Initiate of Dithmenos.
             Demolished by an orc warrior
             ... wielding a +0 halberd
              (21 damage)
             ... on level 6 of the Dungeon.
             The game lasted 00:14:48 (5591 turns).

Monkfish the Covert (Kobold Assassin)               Turns: 5591, Time: 00:14:49

Health: -14/46     AC:  9    Str: 10    XL:     8   Next: 7%
Magic:  8/8        EV: 14    Int:  9    God:    Dithmenos [......]
Gold:   411        SH:  0    Dex: 19    Spells: 0 memorised, 7 levels left

rFire  . . .     SeeInvis .     a - +2 dagger
rCold  + . .     Gourm    .     o - +1 leather armour {rC+}
rNeg   . . .     Faith    .     (shield restricted)
rPois  .         Spirit   .     j - +1 helmet
rElec  .         Dismiss  .     d - +1 cloak
rCorr  .         Reflect  .     l - +0 pair of gloves
SustAt .         Harm     .     (no boots)
MR     .....                    (no amulet)
Stlth  +++++.....               (no ring)
                                i - ring of flight

@: not resistant to hostile enchantments, quite stealthy
A: carnivore 3
a: Renounce Religion, Evoke Flight


You were on level 6 of the Dungeon.
You worshipped Dithmenos.
Dithmenos was noncommittal.
You were full.

You visited 2 branches of the dungeon, and saw 7 of its levels.

You collected 411 gold pieces.

Inventory:

Hand Weapons
 a - a +2 dagger (weapon)
 b - a +0 blowgun
Missiles
 e - 27 poisoned needles
Armour
 d - a +1 cloak (worn)
 j - a +1 helmet (worn)
 l - a +0 pair of gloves (worn)
 o - a +1 leather armour of cold resistance (worn)
Jewellery
 i - a ring of flight (left hand)
Scrolls
 f - 2 scrolls of remove curse
 h - a scroll of blinking
 k - a scroll of enchant weapon {unknown}
 m - 5 scrolls of identify
 p - a scroll of enchant armour
Potions
 c - 2 potions of curing
 n - a potion of mutation
Comestibles
 g - 2 meat rations


   Skills:
 + Level 3.2 Fighting
 + Level 4.2 Short Blades
 * Level 6.4 Throwing
 - Level 1.2 Dodging
 * Level 9.1 Stealth


You had 7 spell levels left.
You didn't know any spells.

Dungeon Overview and Level Annotations

Branches:
Dungeon (6/15)             Temple (1/1) D:4

Altars:
Ashenzari
Dithmenos
Elyvilon
Fedhas
Makhleb
Okawaru
Pakellas
Sif Muna
Trog
Vehumet
Xom
Yredelemnul
Zin

Shops:
D:4 !

Annotations:
D:3 Monkfish's ghost, amateur KoAs
D:4 Monkfish's ghost, amateur KoAs


Innate Abilities, Weirdness & Mutations

You are small and have problems with some larger weapons.
You are carnivorous and can eat meat at any time.


Message History

The orc warrior closely misses you.
You hit the orc warrior.
The orc warrior is heavily wounded.
The orc warrior closely misses you.
You hit the orc warrior but do no damage.
The orc warrior is heavily wounded.
You hit the orc warrior but do no damage.
The orc warrior is heavily wounded.
The orc warrior hits you with a halberd!
You barely miss the orc warrior.
The orc warrior is heavily wounded.
The orc warrior hits you with a halberd!
You hit the orc warrior but do no damage.
The orc warrior is heavily wounded.
You hit the orc warrior but do no damage.
The orc warrior is heavily wounded.
The orc warrior hits you with a halberd!
* * * LOW HITPOINT WARNING * * *
The orc warrior hits you from afar with a halberd!!
You die...

#...# ###.###### #.#### #...#
#.....# # .....####...#####
#.#.#># #
#.###......).)...###.#.#.####
#.[..................#.....>.
...##>...........##..#...####
#.####...######......# # ...
#...# #.###.## # .<## #..@#
#.# #.# # #...# #.# #.#
##.o.# #.###.# ###(#
#.....##### (# #####.##).. (.
#...#.## ..# #.....# .(#
#...### ... #####


You could see an orc warrior.

Vanquished Creatures
  An ogre (D:4)
  A centaur (D:5)
  A howler monkey (D:5)
  A crimson imp (D:6)
  Crazy Yiuf (D:2)
  A giant frog skeleton (D:6)
  An orc wizard (D:3)
  A centaur skeleton (D:4)
  Jessica (D:2)
  Ijyb (D:2)
  Natasha (thrice) (D:2 D:3)
  5 worker ants
  Robin (D:2)
  A gnoll (D:1)
  2 adders (D:2)
  An ooze (D:4)
  An adder zombie (D:3)
  An adder skeleton (D:6)
  4 worms
  A dart slug (D:1)
  2 giant geckos
  6 orcs
  4 ball pythons
  5 giant cockroaches
  13 goblins
  9 hobgoblins
  2 jackals (D:2)
  4 quokkas
  7 bats
  4 giant newts
  12 kobolds
  9 rats
107 creatures vanquished.

Vanquished Creatures (others)
  A rat (D:3)
1 creature vanquished.

Grand Total: 108 creatures vanquished

Notes
Turn   | Place    | Note
--------------------------------------------------------------
     0 | D:1      | Monkfish the Kobold Assassin began the quest for the Orb.
     0 | D:1      | Reached XP level 1. HP: 12/12 MP: 1/1
   162 | D:1      | Reached XP level 2. HP: 18/18 MP: 2/2
   199 | D:1      | Reached skill level 6 in Stealth
   532 | D:1      | Reached XP level 3. HP: 22/22 MP: 3/3
  1007 | D:2      | Noticed Ijyb
  1009 | D:2      | Killed Ijyb
  1009 | D:2      | Reached XP level 4. HP: 27/27 MP: 4/4
  1099 | D:2      | Noticed Robin
  1133 | D:2      | HP: 1/27 [Robin/whip of freezing (1)]
  1143 | D:2      | Killed Robin
  1143 | D:2      | Reached skill level 7 in Stealth
  1363 | D:2      | Noticed Natasha
  1386 | D:2      | Killed Natasha
  1386 | D:2      | Reached XP level 5. HP: 21/31 MP: 5/5
  1626 | D:2      | Noticed Crazy Yiuf
  1632 | D:2      | Killed Crazy Yiuf
  1801 | D:2      | Noticed Natasha
  1841 | D:2      | Killed Natasha
  2156 | D:2      | Reached XP level 6. HP: 36/36 MP: 6/6
  2200 | D:2      | Noticed Jessica
  2211 | D:2      | Killed Jessica
  2555 | D:2      | Reached skill level 8 in Stealth
  2676 | D:3      | Noticed Monkfish's ghost (amateur KoAs)
  3041 | D:3      | You fall through a shaft!
  3095 | D:4      | Found Kuimufub's Distillery.
  3128 | D:4      | Noticed Monkfish's ghost (amateur KoAs)
  3135 | D:4      | Noticed an ogre
  3246 | D:4      | Reached XP level 7. HP: 40/40 MP: 7/7
  3299 | D:4      | Reached skill level 5 in Throwing
  3349 | D:4      | Found a staircase to the Ecumenical Temple.
  3355 | Temple   | Entered the Ecumenical Temple
  3892 | Temple   | Became a worshipper of Dithmenos the Shadowed
  4021 | D:3      | Found a white marble altar of Elyvilon.
  4050 | D:3      | Noticed Natasha
  4081 | D:3      | Killed Natasha
  4565 | D:5      | Entered Level 5 of the Dungeon
  5294 | D:6      | Reached skill level 9 in Stealth
  5344 | D:6      | Reached XP level 8. HP: 33/46 MP: 8/8
  5591 | D:6      | Demolished by an orc warrior

Skill      XL: |  1  2  3  4  5  6  7 |
---------------+----------------------+-----
Stealth        | 6 7 8 9 |  9.1
Short Blades   | 3 4 |  4.2
Throwing       | 3 4 6 |  6.4
Fighting       | 3 |  3.2
Dodging        | |  1.2

Action                   |  1- 3 |  4- 6 |  7- 9 || total
-------------------------+-------+-------+-------++-------
Melee: Dagger            |     9 |   191 |   151 ||   351
       Blowgun           |     2 |     2 |       ||     4
 Fire: Blowgun           |    15 |    59 |    61 ||   135
  Use: Scroll            |     4 |     4 |     5 ||    13
       Potion            |     2 |       |     4 ||     6
 Stab: Sleeping          |     5 |    11 |     5 ||    21
  Eat: Chunk             |     6 |     9 |     4 ||    19
Armor: Robe              |     1 |    26 |       ||    27
       Leather armour    |       |    16 |    34 ||    50
Dodge: Dodged            |    16 |   150 |    95 ||   261
